 Dungeon Crawl Stone Soup version 0.25-a0-1130-g3926558 (webtiles) character file.

Game seed: 10957168237993530062, levelgen mode: deterministic

107 Faca the Skirmisher (level 4, -2/41 HPs)
             Began as a Ghoul Fighter on May 19, 2020.
             Slain by a goblin
             ... wielding a +0 club
             ... led by Robin
              (8 damage)
             ... on level 3 of the Dungeon.
             The game lasted 00:03:27 (2500 turns).

Faca the Skirmisher (Ghoul Fighter)                 Turns: 2500, Time: 00:03:28

Health: -2/41      AC:  8    Str: 20    XL:     4   Next: 86%
Magic:  3/3        EV:  7    Int:  3    God:
Gold:   114        SH:  8    Dex:  8    Spells: 3/3 levels left

rFire    . . .     SeeInvis .     - Unarmed
rCold    + . .     Gourm    .   b - +0 kite shield
rNeg     + + +     Faith    .   a - +0 scale mail
rPois    ∞         Spirit   .   k - +0 helmet
rElec    .         Reflect  .   (no cloak)
rCorr    .         Harm     .   (no gloves)
MR       .....                  m - +0 pair of boots
Stlth    ..........             (no amulet)
HPRegen  0.00/turn              (no ring)
MPRegen  0.08/turn              (no ring)

@: mighty, rotting
A: rotting body, claws 1, carnivore, cold resistance 1, negative energy
resistance 3, inhibited regeneration, torment resistance, unbreathing
a: no special abilities


You were on level 3 of the Dungeon.
You were not hungry.

You visited 1 branch of the dungeon, and saw 3 of its levels.

You collected 114 gold pieces.

Inventory:

Armour
 a - a +0 scale mail (worn)
 b - a +0 kite shield (worn)
 k - a +0 helmet (worn)
 m - a +0 pair of boots (worn)
Jewellery
 h - an uncursed ring of see invisible
Scrolls
 f - 2 scrolls of remove curse
 g - a scroll of immolation {unknown}
 n - a scroll of blinking {unknown}
 q - a scroll of magic mapping
Potions
 e - a potion of ambrosia {unknown}
 i - a potion of stabbing {unknown}
 j - a potion of haste {unknown}
 l - 3 potions of degeneration {unknown}
 o - a potion of curing {unknown}
Comestibles
 d - 5 rations
 p - 6 chunks of flesh


   Skills:
 + Level 4.8 Fighting
 - Level 2.6 Armour
 - Level 2.6 Shields
 + Level 4.0 Unarmed Combat


You had 3 spell levels left.
You didn't know any spells.
Your spell library was empty.

Dungeon Overview and Level Annotations

Branches:
Dungeon (3/15)

Altars:
Sif Muna
Vehumet
The Shining One

Annotations:
D:3 3 runed translucent doors, Robin; mg7810's ghost, amateur DrMo


Innate Abilities, Weirdness & Mutations

Your body is rotting away.
You thrive on raw meat.
You are immune to poison.
You have sharp fingernails.
You are carnivorous and can eat meat at any time.
Your flesh is cold resistant. (rC+)
You are immune to negative energy. (rN+++)
You do not regenerate when monsters are visible.
You are immune to unholy pain and torment.
You can survive without breathing.


Message History

Robin roars a battlecry!
The goblins go into a battle-frenzy!
The goblin hits you but does no damage.
You closely miss the kobold. The kobold hits you but does no damage.
You block the goblin's attack.
Your shield and scale mail prevent you from hitting the kobold.
The goblin barely misses you. The kobold barely misses you.
You block the goblin's attack.
Your shield and scale mail prevent you from hitting the kobold.
You block the goblin's attack. You block the kobold's attack.
The goblin hits you but does no damage.
You barely miss the kobold. The goblin hits you but does no damage.
The kobold closely misses you. You block the goblin's attack.
You claw the kobold!
You kill the kobold!
The goblin hits you but does no damage. Robin throws the goblin at you!
The goblin hits you but does no damage.
You closely miss the goblin. You block the goblin's attack.
The goblin hits you with a +0 club!
You die...

#..###..........#.#.#..#
#...................#..#
P..##...........#.#.#..####
...##.....................#
#####...........#.#.##.####
#
#######.....#.#.##.######.#
# ###.................# #
#.)##g#.########### #
#..g@g#......#
###'##########.# #........#
#...g....# #.....(..#
###g######


gg. ...K ..... You could see Robin and 2 goblins.

Vanquished Creatures
  2 adders (D:2)
  A worm (D:2)
  2 dart slugs
  2 leopard geckos
  4 orcs (D:3)
  5 bats
  A giant cockroach (D:2)
  22 goblins
  3 hobgoblins
  3 jackals (D:3)
  11 kobolds
  A quokka (D:3)
  A ball python (D:1)
  A frilled lizard (D:2)
  13 rats
72 creatures vanquished.

Notes
Turn   | Place    | Note
-------+----------+-------------------------------------------
     0 | D:1      | Faca the Ghoul Fighter began the quest for the Orb.
     0 | D:1      | Reached XP level 1. HP: 19/19 MP: 0/0
   214 | D:1      | Reached XP level 2. HP: 26/26 MP: 1/1
   816 | D:1      | Reached XP level 3. HP: 29/33 MP: 2/2
  1460 | D:2      | Found a glowing golden altar of the Shining One.
  1471 | D:2      | Reached XP level 4. HP: 41/41 MP: 3/3
  1491 | D:2      | Found a radiant altar of Vehumet.
  2055 | D:3      | Found a runed translucent gate.
  2055 | D:3      | Noticed mg7810's ghost (amateur DrMo)
  2056 | D:3      | Found a runed translucent gate.
  2056 | D:3      | Found a runed translucent gate.
  2141 | D:3      | Found a shimmering blue altar of Sif Muna.
  2455 | D:3      | Noticed Robin
  2500 | D:3      | Slain by a goblin

Illustrated notes

Levels and vault maps discovered:
D:1:      minmay_arrival_checkered_box, layout_basic, serial_curves,
          eino_curves_01, eino_curves_04, grunt_decor_arrowhead,
          serial_park_tiny_2, minmay_tromino_v2
D:2:      layout_basic, nicolae_overflow_crystal_walls, vehumet_crystals
D:3:      layout_basic, lemuel_blue_sif_altar, ebering_ghost_rock_garden,
          corexii_shack, uniq_robin

Skill      XL: |  1  2  3  4 |
---------------+-------------+-----
Unarmed Combat | 3 4 |  4.0
Fighting       | 4 |  4.8
Armour         | |  2.6
Shields        | |  2.6

Action                   |  1- 3 |  4- 6 || total
-------------------------+-------+-------++-------
Melee: Unarmed           |   112 |   110 ||   222
  Use: Scroll            |     2 |     1 ||     3
       Potion            |       |     1 ||     1
  Eat: Chunk             |     2 |     5 ||     7
Armor: Scale mail        |    50 |    60 ||   110
Dodge: Dodged            |    33 |    37 ||    70
Block: Kite shield       |    29 |    69 ||    98

Table legend:
 A = Non-vault XP
 B = Vault XP
 C = Vault XP percentage of total XP
 D = Non-vault monster count
 E = Vault monster count
 F = Vault count percentage of total count
                 A         B        C        D         E       F
            +---------+---------+-------+---------+---------+-------
      Total |     131 |      23 |  14.9 |      59 |      13 |  18.1
            +---------+---------+-------+---------+---------+-------
        D:1 |      31 |       3 |   8.8 |      19 |       2 |   9.5
        D:2 |      71 |       0 |   0.0 |      27 |       0 |   0.0
        D:3 |      29 |      20 |  40.8 |      13 |      11 |  45.8
            +---------+---------+-------+---------+---------+-------
